 Dungeon Crawl Stone Soup version 0.30-a0-219-gf2db51d15e (webtiles) character file.

Game seed: 6141800768632076587

98 Iusername the Shooter (level 5, -25/38 HPs)
             Began as a Human Hunter on Oct 6, 2022.
             Killed by an exploding orc wizard (26 damage)
             ... ignited by their inner flame
             ... on level 3 of the Dungeon.
             The game lasted 00:07:07 (1919 turns).

Iusername the Shooter (Human Hunter)                Turns: 1919, Time: 00:07:10

Health: -25/38     AC: 12    Str: 11    XL:     5   Next: 1%
Magic:  5/5        EV:  2    Int:  9    God:
Gold:   229        SH:  5    Dex: 19    Spells: 4/4 levels left

rFire   . . .      SeeInvis .    a - +2 shortbow
rCold   . . .      Faith    .    (shield currently unavailable)
rNeg    . . .      Spirit   .    e - +0 plate armour
rPois   .          Reflect  +    (no helmet)
rElec   .          Harm     .    g - +0 cloak
rCorr   .          Rampage  .    m - +0 pair of gloves
Will    .....                    (no boots)
Stlth   ..........               c - amulet of reflection
HPRegen 0.26/turn                (no ring)
MPRegen 0.09/turn                (no ring)

@: mighty, brilliant, flying
A: no striking features
a: no special abilities


You were on level 3 of the Dungeon.
You visited 1 branch of the dungeon, and saw 3 of its levels.

You collected 229 gold pieces.

Inventory:

Hand Weapons
 a - a +2 shortbow (weapon)
Armour
 e - a +0 plate armour (worn)
 g - a +0 cloak (worn)
 m - a +0 pair of gloves (worn)
Jewellery
 c - an amulet of reflection (around neck)
Scrolls
 k - a scroll of amnesia
 l - a scroll of vulnerability
Potions
 n - a potion of mutation


   Skills:
 + Level 2.2 Fighting
 + Level 5.3 Ranged Weapons
 + Level 0.2 Throwing
 + Level 1.6 Armour
 + Level 2.2 Dodging
 + Level 1.0 Stealth


You had 4 spell levels left.
You didn't know any spells.
Your spell library contained the following spells:

 Spells                   Type           Power      Damage    Failure   Level
 Sublimation of Blood     Necr           0%         N/A       100%        2
 Wereblood                Tmut           0%         N/A       100%        2
 Inner Flame              Hex/Fire       0%         N/A       100%        3
 Summon Guardian Golem    Hex/Summ       0%         N/A       100%        3
 Flame Wave               Conj/Fire      0%         2d4       100%        4
 Sticky Flame             Conj/Fire      0%         2d3       100%        4
 Orb of Destruction       Conj           0%         9d5       100%        7
 Spellforged Servitor     Conj/Summ      0%         N/A       100%        7
 Summon Hydra             Summ           0%         N/A       100%        7


Dungeon Overview and Level Annotations

Branches:
Dungeon (3/15)

Altars:


Message History

The arrow hits the orc but does no damage.
You feel sick.
You are no longer poisoned.
Something hits you but does no damage. Something hits you.
* * * LOW HITPOINT WARNING * * *
You shoot an arrow. The arrow barely misses the orc.
The arrow hits the orc!
You kill the orc!
Something hits you but does no damage. x2
You have reached level 5!
As you read the scroll labelled CENTICSOCO, it crumbles to dust.
The scroll dissolves into smoke.
It was a scroll of fog.
Something hits you.
* * * LOW HITPOINT WARNING * * *
As you read the scroll labelled ZIRPHAU EPILUW, it crumbles to dust.
You feel a surge of unholy energy.
Something is bathed in an unholy light!
The orc convulses!
Something is bathed in an unholy light!
It was a scroll of torment.
Something hits you but does no damage.
As you read the scroll of immolation, it crumbles to dust.
The creatures around you are filled with an inner flame!
An orc wizard appears from thin air!
Reactivating autopickup.
The orc throws a poisoned dart.
Something hits you but does no damage.
Deactivating autopickup; reactivate with Ctrl-A.
You are too injured to fight recklessly!
You shoot an arrow.
Flame seeps out of something. x3
Something hits you but does no damage.
You hear some strange, mumbled words.
A magic dart appears from out of thin air!
The magic dart hits you but does no damage.
You shoot an arrow. Something hits you.
* * * LOW HITPOINT WARNING * * *
You hear some strange, mumbled words.
A magic dart appears from out of thin air!
The magic dart hits you but does no damage.
You shoot an arrow.
Reactivating autopickup.
You feel a bit more experienced.
The orc wizard explodes!
The fiery explosion engulfs the orc!!!
The fiery explosion engulfs you!!
Ouch! That really hurt!
You die...

...# # ....# #) #....#
#..#### #....#
#.()§##### #####....#
#())o§§@§# #........#
#(..o###§######........#
#....# #§§....#.....####
#....# ######.'.....###
#..... ###.....†.##
###.). #.....#... #...
#########. #.... #......
#.##.†.


There were no monsters in sight!

Vanquished Creatures
  3 adders (D:3)
  A worm (D:3)
  A dart slug (D:1)
  7 orcs (D:3)
  2 bats (D:1)
  3 endoplasms
  4 giant cockroaches
  6 goblins
  3 hobgoblins
  7 kobolds
  4 quokkas
  7 ball pythons
  2 frilled lizards (D:1)
  9 rats
59 creatures vanquished.

Vanquished Creatures (others)
  An orc wizard (D:3)
1 creature vanquished.

Grand Total: 60 creatures vanquished

Notes
Turn   | Place    | Note
-------+----------+-------------------------------------------
     0 | D:1      | Iusername the Human Hunter began the quest for the Orb.
     0 | D:1      | Reached XP level 1. HP: 16/16 MP: 1/1
    64 | D:1      | Reached XP level 2. HP: 22/22 MP: 2/2
   283 | D:1      | Reached XP level 3. HP: 27/27 MP: 3/3
  1114 | D:2      | Reached skill level 5 in Ranged Weapons
  1185 | D:2      | Reached XP level 4. HP: 33/33 MP: 4/4
  1814 | D:3      | Reached skill level 1 in Armour
  1913 | D:3      | Reached XP level 5. HP: 4/38 MP: 5/5
  1913 | D:3      | HP: 1/38 [something (3)]
  1918 | D:3      | HP: 1/38 [something (2)]
  1919 | D:3      | Killed by an exploding orc wizard... ignited by their inner
                  | flame

Illustrated notes

Levels and vault maps discovered:
D:1:      minmay_arrival_checkered_box, layout_loops_ring, minmay_tall_x
D:2:      layout_rooms
D:3:      layout_basic, serial_park_tiny_1

Skill      XL: |  1  2  3  4 |
---------------+-------------+-----
Ranged Weapons | 5 |  5.3
Armour         | 1 |  1.6
Fighting       | |  2.2
Throwing       | |  0.2
Dodging        | |  2.2
Stealth        | |  1.0

Action                   |  1- 3 |  4- 6 || total
-------------------------+-------+-------++-------
 Fire: Shortbow          |   114 |    49 ||   163
Throw: Javelin           |       |     6 ||     6
  Use: Scroll            |       |    13 ||    13
       Potion            |       |     3 ||     3
Armor: Plate armour      |   106 |    42 ||   148
Dodge: Dodged            |    11 |     2 ||    13
Block: Other             |       |     9 ||     9

Table legend: (Time is in decaauts)
 A = Elapsed time spent in this place.
 B = Non-inter-level travel time spent in this place.
 C = Inter-level travel time spent in this place.
 D = Time resting spent in this place.
 E = Time spent auto-exploring this place.
 F = Levels seen in this place.
 G = Mean time per level.
                   A        B        C        D        E       F      G
               +--------+--------+--------+--------+--------+-----+--------+
         Total |   2095 |   1986 |    109 |    236 |   1208 |   3 |  698.3 |
       Dungeon |   2095 |   1986 |    109 |    236 |   1208 |   3 |  698.3 |
               +--------+--------+--------+--------+--------+-----+--------+

Top non-repeatable levels by time:
     D:1: 1044 daAuts
     D:2: 802 daAuts
     D:3: 248 daAuts
